 Dungeon Crawl Stone Soup version 0.30-a0-779-g7971cf19c3 (webtiles) character file.

Game seed: 11983114845957203080

13759 Zonian the Covert (level 12, -3/67 HPs)
             Began as a Vine Stalker Brigand on Feb 18, 2023.
             Was an Initiate of Ashenzari.
             Killed from afar by a rime drake (11 damage)
             ... with an icy flash freeze
             ... on level 1 of the Lair of Beasts.
             The game lasted 00:37:35 (11454 turns).

Zonian the Covert (Vine Stalker Brigand)           Turns: 11454, Time: 00:37:35

Health: -3/67      AC:  9    Str: 20    XL:     12   Next: 9%
Magic:  0/13       EV: 18    Int: 11    God:    Ashenzari [......]
Gold:   371        SH:  7    Dex: 27    Spells: 11/11 levels left

rFire   . . .      SeeInvis .    y - +3 short sword (heavy)
rCold   . . .      Faith    .    I - +2 buckler of Supernal Gnosis {Range, Melee} (curse)
rNeg    . . .      Spirit   +    G - +1 leather armour "Nualugoy" {+Inv rPois}
rPois   +          Reflect  .    (no helmet)
rElec   .          Harm     .    c - +0 cloak
rCorr   .          Rampage  .    x - +0 pair of gloves
Will    +....                    N - +2 pair of boots
Stlth   ++++++                   (no amulet)
HPRegen 1.11/turn                M - +6 ring of dexterity
MPRegen 0.13/turn                l - +6 ring of strength

@: about to teleport
A: fangs 3, regeneration 1, magic shield, antimagic bite, no potion heal 2
a: Renounce Religion, Evoke Invisibility, Curse Item, Shatter the Chains


You were on level 1 of the Lair of Beasts.
You worshipped Ashenzari.
Ashenzari was noncommittal.
You visited 3 branches of the dungeon, and saw 12 of its levels.
You also visited: Sewer.

You collected 553 gold pieces.
You spent 182 gold pieces at shops.

Inventory:

Hand Weapons
 a - a +2 dagger of protection
 e - a +1 scimitar of flaming
 m - a +2 dagger of draining
 y - a +3 heavy short sword (weapon)
 A - a +4 spear
 D - a +0 sling
 F - a +3 mace
 H - a +2 vampiric trident
 K - a +1 falchion of protection
 W - a +0 rapier of flaming
Missiles
 d - 36 poisoned darts (quivered)
 E - 4 boomerangs
 L - 2 curare-tipped darts
Armour
 b - a +0 robe
 c - a +0 cloak (worn)
 w - a +2 robe of willpower
 x - a +0 pair of gloves (worn)
 G - the +1 leather armour "Nualugoy" (worn) {+Inv rPois}
   (You bought it in a shop on level 6 of the Dungeon)

   rPois:     It protects you from poison.
   +Inv:      It lets you turn invisible.
 I - the cursed +2 buckler of Supernal Gnosis (worn) {Range, Melee}
   (You took it off a gnoll sergeant on level 7 of the Dungeon)

   It has a curse which improves the following skills: Ranged Combat: Ranged
   Weapons and Throwing.
   Melee Combat: Short Blades, Long Blades, Axes, Maces & Flails, Polearms,
   Staves and Unarmed Combat.
 N - a +2 pair of boots (worn)
Jewellery
 l - a +6 ring of strength (right hand)
 n - a ring of fire
 B - a ring of see invisible
 M - a +6 ring of dexterity (left hand)
 V - a ring of flight
Wands
 r - a wand of roots (3)
 v - a wand of charming (15)
 J - a wand of flame (16)
 P - a wand of mindburst (13)
Scrolls
 f - 4 scrolls of amnesia
 o - 2 scrolls of blinking
 q - 5 scrolls of poison
 t - 4 scrolls of teleportation
 Q - 2 scrolls of enchant armour
Potions
 g - 6 potions of curing
 h - 4 potions of flight
 i - 2 potions of haste {unknown}
 j - a potion of degeneration
 k - 2 potions of berserk rage
 s - 2 potions of heal wounds {unknown}
 u - a potion of attraction {unknown}
 z - a potion of lignification
 C - 2 potions of brilliance {unknown}
 O - a potion of ambrosia {unknown}
 R - a potion of magic {unknown}
 S - a potion of might {unknown}
 U - a potion of mutation {unknown}


   Skills:
 + Level 9.4 Fighting
 + Level 9.4(9.8) Short Blades
 - Level 3.0(3.3) Throwing
 - Level 7.7 Dodging
 - Level 12.7 Stealth


You had 11 spell levels left.
You didn't know any spells.
Your spell library contained the following spells:

 Spells                   Type           Power      Damage    Failure   Level
 Gell's Gravitas          Tloc           0%         N/A       86%         3
 Portal Projectile        Hex/Tloc       0%         N/A       86%         3
 Teleport Other           Tloc           0%         N/A       86%         3
 Tukima's Dance           Hex            0%         N/A       86%         3
 Animate Dead             Necr           0%         N/A       99%         4
 Blade Hands              Tmut           0%         N/A       100%        5
 Borgnjor's Vile Clutch   Necr/Erth      0%         N/A       100%        5
 Death Channel            Necr           0%         N/A       100%        6
 Dispersal                Tloc           0%         N/A       100%        6


Dungeon Overview and Level Annotations

Branches:
Dungeon (10/15)            Temple (1/1) D:5            Lair (1/5) D:10
    Orc (0/2) D:10          Sewer (visited)

Altars:
Ashenzari
Cheibriados
Dithmenos
Elyvilon
Fedhas
Gozag
Hepliaklqana
Kikubaaqudgha
Makhleb
Nemelex Xobeh
Okawaru
Qazlal
Ru
Sif Muna
Trog
Uskayaw
Vehumet
Wu Jian
Xom
Yredelemnul
Zin
The Shining One

Shops:
D:4 [   D:6 [   D:7 (

Annotations:
D:3 3 runed translucent doors, Darkkill's ghost, amateur MiHu
D:9 Grum
D:10 3 runed translucent doors, olddryhag's ghost, novice DsGl
Lair:1 Gastronok


Innate Abilities, Weirdness & Mutations

You have razor-sharp teeth.
Your natural rate of healing is unusually fast.
When hurt, damage is shared between your health and your magic reserves.
Your bite disrupts and absorbs the magic of your enemies.
Potions cannot restore your health.


Message History

You drain her magic.
You feel invigorated.
Maggie is almost dead.
You block Maggie's attack. You block the blink frog's attack.
The blink frog hits you!
* * * LOW HITPOINT WARNING * * *
The blink frog blinks!
Unknown command.
Aiming: Fastroot
Press: ? - help, Shift-Dir - straight line, f - you, p - Maggie The roots erupt in riotous growth!
Roots grab Maggie.
Roots grab the blink frog.
Roots grab the rime drake.
Roots grab the blink frog.
The grasping roots constrict the rime drake.
The grasping roots constrict Maggie.
The grasping roots constrict the blink frog. x2
The blink frog blinks free!
You block the blink frog's attack. Maggie misses you. The rime drake bites you.
* * * LOW HITPOINT WARNING * * *
The blink frog barely misses you.
Unknown command.
You hit Maggie.
Maggie is almost dead.
The ice encasing you melts away.
The grasping roots constrict the rime drake.
The grasping roots constrict Maggie.
You break out of your daze!
You kill Maggie!
The grasping roots constrict the blink frog!
The roots release their grip on the rime drake.
The roots release their grip on the blink frog.
You block the rime drake's attack. The blink frog hits you!
* * * LOW HITPOINT WARNING * * *
Blink to where?
Press: ? - help, Dir - move target
As you read the scroll of blinking, it crumbles to dust.
As you read the scroll of teleportation, it crumbles to dust.
You feel strangely unstable.
The blink frog blinks!
The rime drake breathes ice at you. The icy flash freeze hits you!
You die...

##### ###### ### ###
###P#.###..#.######P###########P#
.................................
........................#.##P####
(.............#.##.#....#########
.##.#.##....#...@..#.............
.##†####....#......#.............
..#...##....#......#.............
.++...##................#........
.##...'.....#......#.............
.#....#.....P......'..F..####.###
.####'.#................####.####
.#P.#.##....###..###..k..........
.....................†.)†...§....


You could see a blink frog (magic disrupted) and a rime drake (catching breath).

Vanquished Creatures
  Erica (D:8)
  A two-headed ogre (D:8)
  Joseph (D:8)
  3 cane toads (Lair:1)
  Maggie (Lair:1)
  A gargoyle (D:8)
  A kobold demonologist (D:9)
  9 polar bears
  2 blink frogs (Lair:1)
  2 centaur simulacra (D:10)
  4 wyverns
  A wraith (D:10)
  9 yaks
  A basilisk (Lair:1)
  A steam dragon (D:9)
  4 water moccasins
  An acid dragon (D:10)
  An orc warrior (D:8)
  2 sky beasts
  6 ice beasts
  7 black bears (Lair:1)
  2 phantoms
  4 wolves (D:9)
  An ogre (D:5)
  4 centaurs
  3 kobold brigands
  2 bullfrogs
  2 necrophages (D:6)
  5 scorpions
  A gnoll sergeant (D:7)
  4 wights (D:6)
  16 killer bees
  2 howler monkeys
  An electric eel (D:10)
  Crazy Yiuf (D:7)
  3 orc priests
  7 hounds
  2 jellies (D:5)
  A gnoll bouda (D:7)
  Terence (D:3)
  3 iguanas (D:5)
  8 orc wizards
  7 gnolls (D:7)
  12 adders
  3 river rats
  4 white imps
  A howler monkey simulacrum (D:10)
  3 ufetubi
  3 worms
  41 orcs
  4 bats
  11 endoplasms
  6 giant cockroaches
  10 goblins
  5 hobgoblins
  4 jackals (D:4)
  2 quokkas
  3 ball pythons
  4 frilled lizards
  20 kobolds
  9 rats
284 creatures vanquished.

Vanquished Creatures (others)
  A wizard (D:10)
  A black bear (Lair:1)
  A fungus (Lair:1)
  14 plants
17 creatures vanquished.

Grand Total: 301 creatures vanquished

Notes
Turn   | Place    | Note
-------+----------+-------------------------------------------
     0 | D:1      | Zonian the Vine Stalker Brigand began the quest for the
                  | Orb.
     0 | D:1      | Reached XP level 1. HP: 11/11 MP: 2/2
   285 | D:1      | Reached skill level 1 in Dodging
   285 | D:1      | Reached XP level 2. HP: 10/15 MP: 1/3
   432 | D:1      | Reached skill level 5 in Stealth
   630 | D:2      | Reached XP level 3. HP: 17/18 MP: 4/4
   634 | D:2      | Found a basalt altar of Yredelemnul.
   854 | D:2      | Found a faded altar of an unknown god.
  1010 | D:3      | Gained mutation: Your natural rate of healing is unusually
                  | fast. [Vine Stalker growth]
  1010 | D:3      | Reached XP level 4. HP: 23/23 MP: 5/5
  1029 | D:3      | Noticed Terence
  1051 | D:3      | Killed Terence
  1281 | D:3      | Noticed a water moccasin
  1285 | D:3      | Reached XP level 5. HP: 15/27 MP: 2/6
  1686 | D:3      | Found an ornate altar of the Wu Jian Council.
  2029 | D:3      | Killed a water moccasin
  2030 | D:3      | Reached skill level 6 in Stealth
  2030 | D:3      | Reached XP level 6. HP: 32/32 MP: 7/7
  2056 | D:3      | Found a runed translucent gate.
  2057 | D:3      | Found a runed translucent gate.
  2057 | D:3      | Noticed Darkkill's ghost (amateur MiHu)
  2063 | D:3      | Found a runed translucent gate.
  2572 | D:4      | Found a glowing golden altar of the Shining One.
  2716 | D:4      | Found Poaczak's Antique Armour Shoppe.
  2811 | D:4      | Reached XP level 7. HP: 26/36 MP: 4/8
  3316 | D:5      | Entered Level 5 of the Dungeon
  3526 | D:5      | Found a glowing drain.
  3535 | Sewer    | Entered a sewer
  4145 | D:5      | Reached skill level 7 in Stealth
  4172 | D:5      | Gained mutation: You have razor-sharp teeth. [Vine Stalker
                  | growth]
  4172 | D:5      | Reached XP level 8. HP: 42/42 MP: 9/9
  4303 | D:5      | HP: 2/42 [ogre/+0 giant club (15)]
  4506 | D:5      | Found a white marble altar of Elyvilon.
  4511 | D:5      | Reached skill level 8 in Stealth
  4527 | D:5      | Found a staircase to the Ecumenical Temple.
  4585 | Temple   | Entered the Ecumenical Temple
  4861 | D:6      | Reached skill level 5 in Short Blades
  4925 | D:6      | Reached skill level 5 in Fighting
  5117 | D:6      | Reached XP level 9. HP: 47/47 MP: 10/10
  5517 | D:6      | Reached skill level 9 in Stealth
  5804 | D:6      | Found Roiruux's Antique Armour Shop.
  5807 | D:6      | Bought a warped leather armour for 182 gold pieces
  5807 | D:6      | Identified the +1 leather armour "Nualugoy" {+Inv rPois}
                  | (You bought it in a shop on level 6 of the Dungeon)
  6246 | D:7      | Found a runed translucent door.
  6247 | D:7      | Noticed Crazy Yiuf
  6284 | D:7      | Found an iron altar of Okawaru.
  6311 | D:7      | Reached skill level 5 in Dodging
  6324 | D:7      | Found Cobbila's Weapon Boutique.
  6844 | D:7      | Killed Crazy Yiuf
  6851 | D:7      | Identified the +0 hammer of the Mauling Gods {venom,
                  | Fragile +Blink Int-3 SInv}
  6960 | D:8      | Noticed a gargoyle
  7095 | D:8      | Noticed Erica
  7101 | D:8      | Noticed a two-headed ogre
  7115 | D:8      | Killed Erica
  7116 | D:8      | Reached skill level 10 in Stealth
  7116 | D:8      | Reached XP level 10. HP: 9/53 MP: 9/11
  7122 | D:8      | Noticed Joseph
  7225 | D:8      | Killed a two-headed ogre
  7429 | D:8      | Killed Joseph
  7569 | D:8      | Killed a gargoyle
  7570 | D:8      | Reached skill level 11 in Stealth
  8157 | D:9      | Found a sacrificial altar of Ru.
  8178 | D:9      | Noticed Grum
  8379 | D:9      | Found a broken altar of Ashenzari.
  8388 | D:9      | Became a worshipper of Ashenzari the Shackled
  8763 | D:9      | Noticed a kobold demonologist
  8771 | D:9      | Killed a kobold demonologist
  8976 | D:10     | Entered Level 10 of the Dungeon
  8996 | D:10     | Found a bloodstained altar of Trog.
  8998 | D:10     | Noticed a wizard
  9001 | D:10     | Killed a wizard
  9034 | D:10     | Reached XP level 11. HP: 58/58 MP: 12/12
  9190 | D:10     | Found a runed translucent gate.
  9190 | D:10     | Found a runed translucent gate.
  9190 | D:10     | Found a runed translucent gate.
  9190 | D:10     | Noticed olddryhag's ghost (novice DsGl)
  9190 | D:10     | Noticed an 11-headed hydra
  9359 | D:10     | Found a staircase to the Orcish Mines.
  9470 | D:10     | HP: 2/60 [centaur warrior simulacrum (15)]
  9473 | D:10     | Reached skill level 12 in Stealth
  9498 | D:10     | Found a shimmering blue altar of Sif Muna.
  9883 | D:10     | Found a radiant altar of Vehumet.
 10135 | D:10     | Found a staircase to the Lair.
 10407 | Lair:1   | Entered Level 1 of the Lair of Beasts
 10915 | Lair:1   | Noticed Maggie
 11212 | Lair:1   | Noticed Gastronok
 11297 | Lair:1   | Reached XP level 12. HP: 66/66 MP: 13/13
 11451 | Lair:1   | Killed Maggie
 11454 | Lair:1   | Killed from afar by a rime drake

Illustrated notes

Levels and vault maps discovered:
D:1:      dpeg_arrival_shelter, layout_loops_ring
D:2:      layout_rooms, dreamdust_ecumenical_altar_statues, basic_altar,
          minmay_tripent
D:3:      layout_loops_ring, nicolae_overflow_crystal_walls,
          gammafunk_ghost_nasty_kobolds, nicolae_concentric_dashed_squares_wild,
          minmay_quadrilaterals, uniq_terence
D:4:      layout_rooms, nicolae_tso_swordbearing_angel, serial_shops,
          nicolae_shop_stone, columned_hall_lemuel, reono_crystal_passage,
          dk_rats_in_the_wall
D:5:      minmay_angry_zag, layout_rooms, mainiacjoe_overflow_small_starburst,
          temple_green, portal_sewer_entry_e
D:6:      layout_basic, serial_shops, kennysheep_mini_moat, nicolae_titane
D:7:      layout_loops_ring, lemuel_tele_altar, serial_shops,
          nicolae_shop_window_shopping, grunt_ministairs_9,
          corexii_item_surrounded_by_moat, uniq_crazy_yiuf_cottage
D:8:      layout_cave_pools, uniq_joseph, uniq_erica
D:9:      layout_cave_pools, mainiacjoe_overflow_alcove_2,
          overflow_temple_1_default, uniq_grum
D:10:     layout_rooms, trog_wizard, mainiacjoe_overflow_24_doors,
          lemuel_blue_sif_altar, orc_0_dummy, gammafunk_ghost_hydra_chop,
          serial_ice, serial_ice_g, serial_ice_c, serial_ice_o, serial_ice_a,
          serial_ice_k, serial_ice_f, serial_ice_m, serial_ice_e
Temple:   compressed_dpeg_triangle_lava_temple
Lair:1:   beast_lair_carwin_large_4, layout_regular_city, lemuel_fruit_tree,
          grunt_megastairs_2, uniq_maggie, uniq_gastronok

Skill      XL: |  1  2  3  4  5  6  7  8  9 10 11 |
---------------+----------------------------------+-----
Dodging        | 1 2 3 4 5 6 7 |  7.7
Stealth        | 5 6 7 8 10 11 12 | 12.7
Throwing       | 2 3 |  3.0
Fighting       | 2 3 4 5 6 7 9 |  9.4
Short Blades   | 2 3 4 5 6 7 9 |  9.4

Action                     |  1- 3 |  4- 6 |  7- 9 | 10-12 || total
---------------------------+-------+-------+-------+-------++-------
  Melee: Dagger            |    55 |   109 |   290 |       ||   454
         Bite              |     5 |    25 |   140 |   180 ||   350
         Punch             |     1 |     3 |     5 |       ||     9
         Short sword       |       |       |   143 |   395 ||   538
   Fire: Sling             |       |       |    12 |       ||    12
  Throw: Dart              |       |     2 |    31 |    58 ||    91
         Throwing net      |       |       |     1 |       ||     1
 Invoke: Curse Item        |       |       |       |     1 ||     1
  Evoke: Wand              |       |     2 |     4 |    14 ||    20
    Use: Potion            |       |     1 |       |     1 ||     2
         Scroll            |       |     6 |    13 |     7 ||    26
   Stab: Sleeping          |    11 |     6 |    11 |    13 ||    41
         Distracted        |       |       |       |     1 ||     1
 Armour: Robe              |     9 |    15 |    51 |       ||    75
         Skin              |       |    31 |       |       ||    31
         Leather armour    |       |       |    12 |    74 ||    86
  Dodge: Dodged            |    28 |    73 |   208 |   296 ||   605
  Block: Buckler           |       |       |    28 |   128 ||   156

Table legend: (Time is in decaauts)
 A = Elapsed time spent in this place.
 B = Non-inter-level travel time spent in this place.
 C = Inter-level travel time spent in this place.
 D = Time resting spent in this place.
 E = Time spent auto-exploring this place.
 F = Levels seen in this place.
 G = Mean time per level.
                   A        B        C        D        E       F      G
               +--------+--------+--------+--------+--------+-----+--------+
         Total |  11300 |  10778 |    522 |   2622 |   4455 |  13 |  869.2 |
       Dungeon |   9659 |   9152 |    507 |   2256 |   4371 |  10 |  965.9 |
        Temple |    109 |     95 |     14 |      0 |     20 |   1 |  109.0 |
          Lair |    983 |    983 |      0 |    248 |     64 |   1 |  983.0 |
         Sewer |    548 |    548 |      0 |    118 |      0 |   1 |  548.0 |
               +--------+--------+--------+--------+--------+-----+--------+

Top non-repeatable levels by time:
    D:10: 1347 daAuts
     D:3: 1294 daAuts
     D:6: 1188 daAuts
     D:8: 1169 daAuts
     D:7: 1102 daAuts
  Lair:1: 983 daAuts
     D:4: 905 daAuts
     D:5: 820 daAuts
     D:9: 663 daAuts
     D:2: 589 daAuts
     D:1: 578 daAuts
   Sewer: 548 daAuts
  Temple: 109 daAuts
